 Dungeon Crawl Stone Soup version 0.28-a0-429-g1448048969 (webtiles) character file.

Game seed: 16131857445345567621

25 Maimakterion the Skirmisher (level 2, 0/24 HPs)
             Began as a Demonspawn Cinder Acolyte on Sept 12, 2021.
             Was a High Priest of Ignis.
             Succumbed to an adder's poison
             ... on level 2 of the Dungeon.
             The game lasted 00:01:36 (1105 turns).

Maimakterion the Skirmisher (DsCA)                  Turns: 1105, Time: 00:01:37

Health: 0/24       AC:  2    Str: 14    XL:     2   Next: 82%
Magic:  1/3        EV: 11    Int: 15    God:    Ignis [*****.]
Gold:   60         SH:  5    Dex:  8    Spells: 1/3 levels left

rFire   + + +      SeeInvis .   (no weapon)
rCold   + . .      Faith    .   (no shield)
rNeg    . . .      Spirit   .   b - +0 robe
rPois   +          Reflect  +   (no helmet)
rElec   +          Harm     .   (no cloak)
rCorr   +          Rampage  .   (no gloves)
Will    .....                   (no boots)
Stlth   +.........              f - amulet of reflection
HPRegen 0.08/turn               e - ring of protection from fire
MPRegen 0.08/turn               (no ring)

@: lethally poisoned (0 -> -7), resistant
A: claws 1
a: Renounce Religion, Sea of Fire, Foxfire Swarm, Rising Flame


You were on level 2 of the Dungeon.
You worshipped Ignis.
Ignis was extremely pleased with you.
You visited 1 branch of the dungeon, and saw 2 of its levels.

You collected 60 gold pieces.

Inventory:

Armour
 b - a +0 robe (worn)
Jewellery
 e - a ring of protection from fire (left claw)
 f - an amulet of reflection (around neck)
Scrolls
 c - 2 scrolls of enchant weapon {unknown}


   Skills:
 - Level 3.0 Fighting
 - Level 3.0 Axes
 * Level 1.0 Armour
 * Level 1.2 Dodging
 + Level 0.2 Unarmed Combat
 - Level 1.0 Spellcasting
 * Level 2.7 Fire Magic


You had one spell level left.
You knew the following spells:

 Your Spells              Type           Power      Damage    Failure   Level
a - Scorch                Fire           16%        2d6       12%         2

Your spell library contained the following spells:

 Spells                   Type           Power      Damage    Failure   Level


Dungeon Overview and Level Annotations

Branches:
Dungeon (2/15)

Altars:


Innate Abilities, Weirdness & Mutations

You have sharp fingernails.


Message History

The adder closely misses you.
You closely miss the adder.
The adder is heavily wounded.
The adder bites you. x2
You are poisoned.
The adder poisons you!
A goblin comes into view. It is wielding a +3 dagger of venom.
You take 5 damage, and have 19/24 hp.
MASSIVE DAMAGE!!
You scratch the adder.
The adder is severely wounded.
You feel sick. The adder bites you.
You are more poisoned.
The adder poisons you!
You take 3 damage, and have 16/24 hp.
You closely miss the adder.
The adder is severely wounded.
You feel very sick. The adder misses you.
You take 3 damage, and have 13/24 hp.
You scratch the adder.
The adder is severely wounded.
You feel sick. You block the adder's attack. The adder bites you.
You are more poisoned.
The adder poisons you!
You take 4 damage, and have 9/24 hp.
You barely miss the adder.
The adder is severely wounded.
* * * LOW HITPOINT WARNING * * *
You feel very sick. The adder bites you.
* * * LOW HITPOINT WARNING * * *
You take 5 damage, and have 4/24 hp.
MASSIVE DAMAGE!!
You miss the adder.
The adder is severely wounded.
* * * LOW HITPOINT WARNING * * *
You feel sick. You block the adder's attack.
You take 2 damage, and have 2/24 hp.
It was a potion of resistance.
You feel protected.
You die...

#.#.#.#####....
#.#............
#..............
#............
#...)).......
#............
#.g..........
#########S...........
#.......@############
#........# #........#
#........#
#......#######
#............#
#......#####.#
#.....<..# #......#.#


You could see an adder and a goblin.

Vanquished Creatures
  A dart slug (D:1)
  3 bats (D:1)
  3 endoplasms (D:1)
  5 goblins
  6 ball pythons
  A frilled lizard (D:1)
  3 kobolds (D:1)
  2 rats (D:1)
24 creatures vanquished.

Notes
Turn   | Place    | Note
-------+----------+-------------------------------------------
     0 | D:1      | Maimakterion the Demonspawn Cinder Acolyte began the quest
                  | for the Orb.
     0 | D:1      | Reached XP level 1. HP: 18/18 MP: 2/2
   173 | D:1      | Gained mutation: You have sharp fingernails. [demonic
                  | ancestry]
   173 | D:1      | Reached XP level 2. HP: 18/24 MP: 3/3
   500 | D:1      | Reached skill level 1 in Dodging
   684 | D:1      | Reached skill level 1 in Armour
   938 | D:1      | Learned a level 2 spell: Scorch
  1105 | D:2      | Succumbed to an adder's poison

Illustrated notes

Levels and vault maps discovered:
D:1:      minmay_arrival_jagged, layout_rooms, minmay_cupped
D:2:      layout_basic, minmay_circled_x

Skill      XL: |  1  2 |
---------------+-------+-----
Axes           | 3 |  3.0
Dodging        | 1 |  1.2
Armour         | 1 |  1.0
Fighting       | |  3.0
Unarmed Combat | |  0.2
Spellcasting   | |  1.0
Fire Magic     | |  2.7

Action                   || total
-------------------------++-------
Melee: Hand axe          ||    15
       Unarmed           ||    66
 Cast: Scorch            ||     3
  Use: Potion            ||     1
Armor: Robe              ||    24
Dodge: Dodged            ||    66
Block: Other             ||     2

Table legend: (Time is in decaauts)
 A = Elapsed time spent in this place.
 B = Non-inter-level travel time spent in this place.
 C = Inter-level travel time spent in this place.
 D = Time resting spent in this place.
 E = Time spent auto-exploring this place.
 F = Levels seen in this place.
 G = Mean time per level.
                   A        B        C        D        E       F      G
               +--------+--------+--------+--------+--------+-----+--------+
         Total |   1106 |   1100 |      6 |    243 |    647 |   2 |  553.0 |
       Dungeon |   1106 |   1100 |      6 |    243 |    647 |   2 |  553.0 |
               +--------+--------+--------+--------+--------+-----+--------+

Top non-repeatable levels by time:
     D:1: 1064 daAuts
     D:2: 42 daAuts
